 Dungeon Crawl Stone Soup version 0.30.1-3-gfc49f6343a (webtiles) character file.

Game seed: 9568601573443320896

5991 sampeng1 the Cleaver (level 10, -2/93 HPs)
             Began as a Minotaur Berserker on July 28, 2023.
             Was an Elder of Trog.
             Slain by an ogre
             ... wielding a +0 giant spiked club
              (24 damage)
             ... while paralysed by an orc sorcerer
             ... on level 1 of the Orcish Mines.
             The game lasted 00:27:59 (8395 turns).

sampeng1 the Cleaver (Minotaur Berserker)           Turns: 8395, Time: 00:27:59

Health: -2/93      AC: 22    Str: 25    XL:     10   Next: 55%
Magic:  9/9        EV:  2    Int:  6    God:    Trog [****..]
Gold:   765        SH:  0    Dex: 14    Spells: 9/9 levels left

rFire   . . .        E - +3 war axe
rCold   . . .        y - +3 tower shield
rNeg    . . .        s - +7 chain mail of Omission {Int+2 Dex+3}
rPois   .            (helmet restricted)
rElec   .            (no cloak)
rCorr   +            (no gloves)
SInv    .            o - +2 pair of boots
Will    .....        b - amulet of reflection Stlth
                     q - ring of flight
HPRegen 0.35/turn    i - ring of resist corrosion
MPRegen 0.11/turn

%: reflection
@: paralysed, mighty, on berserk cooldown, flying, slowed
A: horns 2, retaliatory headbutt
a: Renounce Religion, Berserk, Trog's Hand, Brothers in Arms


You were on level 1 of the Orcish Mines.
You worshipped Trog.
Trog was greatly pleased with you.
You visited 2 branches of the dungeon, and saw 10 of its levels.

You collected 765 gold pieces.

Inventory:

Hand Weapons
 a - a +0 whip
 E - a +3 war axe (weapon)
Missiles
 e - 9 poisoned darts
 r - 4 boomerangs
 t - a throwing net
 B - 6 curare-tipped darts (quivered)
Armour
 d - a +0 plate armour
 l - +0 acid dragon scales
 o - a +2 pair of boots (worn)
 s - the +7 chain mail of Omission (worn) {Int+2 Dex+3}
   (You found it on level 3 of the Dungeon)

   Int:       It affects your intelligence (+2).
   Dex:       It affects your dexterity (+3).
 y - a +3 tower shield (worn)
Jewellery
 b - an amulet of reflection (around neck)
 i - a ring of resist corrosion (right hand)
 q - a ring of flight (left hand)
Wands
 c - a wand of paralysis (7)
 g - a wand of flame (5)
 n - a wand of mindburst (14)
 x - a wand of light (17)
Scrolls
 h - 2 scrolls of poison
 k - 2 scrolls of magic mapping
 p - 2 scrolls of teleportation
 u - a scroll of identify
 A - a scroll of fog {unknown}
 D - a scroll of brand weapon {unknown}
 F - a scroll of blinking {unknown}
Potions
 f - 4 potions of heal wounds
 j - 6 potions of curing
 m - 2 potions of flight
 v - a potion of lignification
 w - 2 potions of haste
 z - 2 potions of might
 C - a potion of cancellation {unknown}


   Skills:
 + Level 10.2 Fighting
 + Level 10.2 Axes
 + Level 9.8 Armour
 + Level 9.0 Dodging
 + Level 1.9 Shields


You had 9 spell levels left.
You didn't know any spells.
Your spell library was empty.

Dungeon Overview and Level Annotations

Branches:
Dungeon (9/15)             Temple (0/1) D:4             Orc (1/2) D:9
   Lair: D:8-11

Altars:

Shops:
D:9 [

Annotations:
Orc:1 Erica


Innate Abilities, Weirdness & Mutations

You have a pair of horns on your head.
You reflexively headbutt those who attack you in melee.


Message History

The orc warrior hits you with a +1 battleaxe of electrocution.
The ogre hits you with a +0 giant spiked club.
The orc priest hits you with a +0 flail.
The orc sorcerer hits you but does no damage.
The ogre hits you with a +0 giant spiked club!
You feel much better.
An orc sorcerer comes into view. It is wielding a +0 dagger of venom.
You block the orc sorcerer's attack.
The orc priest calls upon Beogh to heal the orc sorcerer.
The orc sorcerer is healed somewhat.
You block the orc warrior's attack.
The ogre hits you with a +0 giant spiked club!
The ogre barely misses you. You furiously retaliate!
You headbutt the ogre.
The orc warrior hits you but does no damage.
The orc warrior hits you with a +1 battleaxe of electrocution!
The orc priest hits you but does no damage.
The orc sorcerer hits you but does no damage.
You feel very mighty all of a sudden.
The orc sorcerer shouts!
Erica hits you with a +2 scimitar of flaming.
Erica burns you. You block the orc warrior's attack.
The orc warrior barely misses you. You block the orc sorcerer's attack.
The ogre hits you with a +0 giant spiked club!
You block the orc priest's attack. The ogre barely misses you.
You furiously retaliate!
You headbutt the ogre. You slash the orc knight!
The orc knight is lightly wounded.
You slash the ogre! You slash the orc priest! You slash Erica!
You closely miss the orc sorcerer. You closely miss the orc warrior.
You slash the ogre! Erica hits you but does no damage.
The orc knight hits you with a +2 battleaxe!
* * * LOW HITPOINT WARNING * * *
The orc sorcerer wildly gestures.
You feel disoriented.
The orc sorcerer points at you and mumbles some strange words.
You suddenly lose the ability to move!
The orc priest hits you with a +0 flail.
* * * LOW HITPOINT WARNING * * *
The orc warrior barely misses you. The ogre hits you but does no damage.
The ogre hits you with a +0 giant spiked club!!
You die...

#.##..... ....
#......... .#..##
#$.......###.....#
#.#.#....#.......
. #........#.O..#.
...#.......#......
......ooO.........
#...oo@o><.o.....
#....o@)O.........
##.....o..........
#................
..#..........$....
. ##.............$
#...$..........
........$.....#


You could see an orc knight, Erica, 2 orc sorcerers, 2 orc warriors, 2 ogres, 2
orc priests and an orc (strong).

Vanquished Creatures
  An ugly thing (D:9)
  Joseph (D:7)
  2 trolls (D:9)
  A hornet (D:9)
  Grinder (D:6)
  3 wyverns
  A basilisk (D:7)
  3 yaks (D:9)
  2 steam dragons
  2 water moccasins
  An acid dragon (D:9)
  An ice beast (D:6)
  4 orc warriors (D:9)
  2 sky beasts (D:8)
  A black bear (D:4)
  A centaur (D:8)
  2 phantoms
  Blork the orc (D:6)
  3 bullfrogs
  A gnoll sergeant (D:7)
  3 scorpions
  5 killer bees
  3 hounds
  5 orc priests
  3 jellies
  A gnoll bouda (D:5)
  2 sleepcaps (D:6)
  5 iguanas
  Natasha (thrice) (D:3)
  8 orc wizards
  16 gnolls
  6 adders
  4 shadow imps
  2 white imps
  An ufetubus (D:5)
  A worm (D:4)
  2 dart slugs (D:1)
  34 orcs
  5 bats
  An endoplasm (D:1)
  3 giant cockroaches
  6 hobgoblins
  12 jackals
  4 quokkas
  8 ball pythons
  5 frilled lizards
  16 goblins
  6 rats
204 creatures vanquished.

Vanquished Creatures (others)
  An orc (D:7)
1 creature vanquished.

Grand Total: 205 creatures vanquished

Notes
Turn   | Place    | Note
-------+----------+-------------------------------------------
     0 | D:1      | sampeng1 the Minotaur Berserker began the quest for the
                  | Orb.
     0 | D:1      | Reached XP level 1. HP: 19/19 MP: 0/0
   230 | D:1      | Reached XP level 2. HP: 27/27 MP: 1/1
   967 | D:2      | Reached XP level 3. HP: 33/33 MP: 2/2
  1061 | D:2      | Reached XP level 4. HP: 40/40 MP: 3/3
  1066 | D:2      | Reached ** piety under Trog
  1438 | D:3      | Noticed Natasha
  1444 | D:3      | Killed Natasha
  1445 | D:3      | Reached XP level 5. HP: 37/47 MP: 4/4
  1685 | D:3      | Noticed Natasha
  1692 | D:3      | Killed Natasha
  1823 | D:3      | Identified the +7 chain mail of Omission {Int+2 Dex+3}
  2123 | D:3      | Noticed Natasha
  2135 | D:3      | Killed Natasha
  2136 | D:3      | Reached skill level 5 in Axes
  2489 | D:4      | Noticed a black bear
  2496 | D:4      | Killed a black bear
  2497 | D:4      | Reached skill level 5 in Fighting
  2497 | D:4      | Reached XP level 6. HP: 46/56 MP: 5/5
  2957 | D:4      | Found a staircase to the Ecumenical Temple.
  3219 | D:4      | Reached *** piety under Trog
  3415 | D:5      | Entered Level 5 of the Dungeon
  3692 | D:5      | Reached skill level 5 in Armour
  3692 | D:5      | Reached XP level 7. HP: 50/62 MP: 6/6
  4031 | D:5      | Reached skill level 5 in Dodging
  4413 | D:6      | Reached XP level 8. HP: 50/71 MP: 7/7
  4711 | D:6      | Noticed Grinder
  4713 | D:6      | Paralysed by Grinder for 3 turns
  4724 | D:6      | Killed Grinder
  4811 | D:6      | Noticed Blork the orc
  4823 | D:6      | Killed Blork the orc
  5261 | D:7      | Noticed Joseph
  5291 | D:7      | Killed Joseph
  5292 | D:7      | Reached XP level 9. HP: 59/81 MP: 8/8
  6021 | D:7      | Reached **** piety under Trog
  7101 | D:9      | Noticed a troll
  7111 | D:9      | Killed a troll
  7269 | D:9      | Reached XP level 10. HP: 61/91 MP: 9/9
  7567 | D:9      | Noticed a cyan ugly thing
  7576 | D:9      | Killed a cyan ugly thing
  7623 | D:9      | Reached skill level 10 in Fighting
  7623 | D:9      | Reached skill level 10 in Axes
  7859 | D:9      | Found Kekatuer's Superior Scales.
  7903 | D:9      | Reached skill level 1 in Shields
  8180 | D:9      | Found a staircase to the Orcish Mines.
  8385 | Orc:1    | Entered Level 1 of the Orcish Mines
  8385 | Orc:1    | Noticed Erica
  8385 | Orc:1    | Noticed an orc sorcerer
  8389 | Orc:1    | Noticed an orc knight
  8393 | Orc:1    | Noticed an orc sorcerer
  8395 | Orc:1    | Paralysed by an orc sorcerer for 3 turns
  8395 | Orc:1    | Slain by an ogre

Illustrated notes

Levels and vault maps discovered:
D:1:      dpeg_arrival_ternary, layout_loops_cross,
          chequers_serial_rivers_small_b
D:2:      cheibrodos_greedy_goblins, layout_rooms, chequers_serial_rivers_marsh,
          ebering_dispersal_statue_hall
D:3:      layout_loops_corners, uniq_natasha
D:4:      kennysheep_goblin_castle, layout_basic, temple_green, moated_statue,
          eino_tiny_chamber
D:5:      layout_basic
D:6:      layout_basic, kennysheep_potato, uniq_grinder, uniq_blork_the_orc
D:7:      layout_layer_cave, hex_large, uniq_joseph
D:8:      layout_basic
D:9:      layout_layer_cave, david_orc_4, hellmonk_scale_shop
Orc:1:    layout_caves, basic_altar, nicolae_shop_clearance, uniq_erica

Skill      XL: |  1  2  3  4  5  6  7  8  9 10 |
---------------+-------------------------------+-----
Fighting       | 4 5 6 8 9 10 | 10.2
Axes           | 4 5 6 8 9 10 | 10.2
Armour         | 3 4 5 6 7 9 |  9.8
Dodging        | 3 4 5 6 8 9 |  9.0
Shields        | 1 |  1.9

Action                     |  1- 3 |  4- 6 |  7- 9 | 10-12 || total
---------------------------+-------+-------+-------+-------++-------
  Melee: Hand axe          |    55 |   189 |   274 |       ||   518
         Headbutt          |     5 |    31 |    60 |    17 ||   113
         Punch             |       |     4 |     1 |       ||     5
         War axe           |       |       |    10 |    76 ||    86
 Invoke: Berserk           |     1 |     2 |     3 |     2 ||     8
    Use: Scroll            |     2 |     8 |    12 |       ||    22
         Potion            |       |     7 |     3 |     3 ||    13
   Stab: Invisible         |       |       |     1 |       ||     1
 Armour: Ring mail         |     9 |       |       |       ||     9
         Scale mail        |    19 |    30 |       |       ||    49
         Chain mail        |       |    61 |   152 |    45 ||   258
  Dodge: Dodged            |    49 |    81 |   139 |    38 ||   307
  Block: Other             |     7 |    60 |    54 |       ||   121
         Reflection        |       |     8 |     2 |     3 ||    13
         Tower shield      |       |       |    70 |   110 ||   180
